 Dungeon Crawl Stone Soup version 0.18.1-48-g4cf74bf (webtiles) character file.

105 Ruka the Slasher (level 5, -6/41 HPs)
             Began as a Human Abyssal Knight on Sept 8, 2016.
             Was a Believer of Lugonu.
             Killed from afar by an orc wizard (8 damage)
             ... with a magic dart
             ... on level 3 of the Dungeon.
             The game lasted 00:11:20 (2929 turns).

Ruka the Slasher (Human Abyssal Knight)             Turns: 2929, Time: 00:11:20

Health: -6/41      AC:  7    Str: 13    XL:     5   Next: 9%
Magic:  6/6        EV:  9    Int: 12    God:    Lugonu [**....]
Gold:   107        SH:  0    Dex: 13    Spells: 0 memorised, 4 levels left

rFire  . . .     SeeInvis .     a - +1 falchion
rCold  . . .     Gourm    .     k - +0 scale mail
rNeg   . . .     Faith    .     (no shield)
rPois  .         Spirit   .     (no helmet)
rElec  .         Dismiss  .     h - +0 cloak
rCorr  .         Reflect  .     (no gloves)
SustAt .         Harm     .     (no boots)
MR     .....                    (no amulet)
Stlth  ..........               (no ring)
                                (no ring)

@: not resistant to hostile enchantments, extremely unstealthy
A: no striking features
a: Depart the Abyss, Bend Space, Renounce Religion


You were on level 3 of the Dungeon.
You worshipped Lugonu.
Lugonu was pleased with you.
You were hungry.

You visited 1 branch of the dungeon, and saw 3 of its levels.
You visited the Abyss 1 time.

You collected 107 gold pieces.

Inventory:

Hand Weapons
 a - a +1 falchion (weapon)
Missiles
 s - 8 javelins (quivered)
Armour
 b - a +0 leather armour
 h - a +0 cloak (worn)
 k - a +0 scale mail (worn)
Jewellery
 i - an uncursed ring of fire {unknown}
 r - an uncursed ring of protection from fire {unknown}
Wands
 o - a wand of lightning (10/15)
Scrolls
 e - 5 scrolls of identify
 f - a scroll of fear
 p - a scroll of remove curse
Potions
 g - a potion of ambrosia {unknown}
 j - a potion of lignification {unknown}
 l - 2 potions of curing {unknown}
 n - a potion of heal wounds {unknown}
 t - a potion of berserk rage {unknown}
Comestibles
 c - 4 bread rations
 d - a chunk of flesh
 m - a meat ration
 q - a beef jerky


   Skills:
 - Level 3.0 Fighting
 + Level 4.8 Long Blades
 - Level 2.0 Armour
 - Level 1.0 Dodging
 - Level 2.0 Invocations


You had 4 spell levels left.
You didn't know any spells.

Dungeon Overview and Level Annotations

Branches:
Dungeon (3/15)

Altars:
Elyvilon
Ru


Message History

You hit the orc wizard.
The orc wizard is severely wounded.
The orc wizard hits you but does no damage.
The orc hits you with a trident.
* * * LOW HITPOINT WARNING * * *
You hit the orc wizard.
The orc wizard is almost dead.
The orc wizard hits you but does no damage.
The orc hits you with a trident.
* * * LOW HITPOINT WARNING * * *
The orc wizard closely misses you.
You closely miss the orc.
The orc wizard hits you but does no damage.
The orc hits you with a trident!
* * * LOW HITPOINT WARNING * * *
The orc wizard casts a spell.
The orc wizard blinks!
The orc hits you but does no damage.
The orc wizard points at you and mumbles some strange words.
The magic dart hits you!
You die...

.......................>########.
#.....####..####.........#.
###.###...<......#.#######.#.
#.#.#####......#.#.# #.#.
#.........#...##.#.# #.#.
.####.#.......#......#.# #.#.
......##########..####.# #.#.
#####.............####.### #.##
.....)......#...@#.......# #...
#####..####'#÷...........# ####
.................#.......#
#####...........o#.......#
#..o.....##..#.......#
#........##o.#.......#
#.......###.....######
###.#....##.....# #.#....†......#


You could see an orc wizard and an orc.

Vanquished Creatures
  An orc wizard (D:3)
  An adder (D:2)
  3 dart slugs
  A giant gecko (D:1)
  An orc (D:3)
  2 ball pythons
  3 bats (D:1)
  3 giant cockroaches (D:1)
  8 goblins
  8 hobgoblins
  8 jackals
  A quokka (D:3)
  3 giant newts
  5 kobolds
  5 rats
53 creatures vanquished.

Vanquished Creatures (others)
  A kobold (D:2)
1 creature vanquished.

Grand Total: 54 creatures vanquished

Notes
Turn   | Place    | Note
--------------------------------------------------------------
     0 | Abyss:1  | Ruka the Human Abyssal Knight began the quest for the Orb.
     0 | Abyss:1  | Reached XP level 1. HP: 18/18 MP: 2/2
   120 | D:1      | Escaped the Abyss
   287 | D:1      | Reached XP level 2. HP: 16/24 MP: 3/3
   447 | D:1      | Reached * piety under Lugonu
   669 | D:1      | Reached skill level 3 in Long Blades
  1051 | D:1      | Reached XP level 3. HP: 25/29 MP: 4/4
  1980 | D:2      | Reached skill level 4 in Long Blades
  1980 | D:2      | Reached XP level 4. HP: 33/35 MP: 5/5
  2354 | D:2      | Found a white marble altar of Elyvilon.
  2903 | D:3      | Found a sacrificial altar of Ru.
  2907 | D:3      | Reached ** piety under Lugonu
  2907 | D:3      | Reached XP level 5. HP: 37/41 MP: 6/6
  2920 | D:3      | HP: 1/41 [orc/trident (8)]
  2929 | D:3      | Killed from afar by an orc wizard

Skill      XL: |  1  2  3 |
---------------+----------+-----
Long Blades    | 3 4 |  4.8
Fighting       | |  3.0
Armour         | |  2.0
Dodging        | |  1.0
Invocations    | |  2.0

Action                   |  1- 3 |  4- 6 || total
-------------------------+-------+-------++-------
Melee: Falchion          |   102 |    59 ||   161
Invok: Depart the Abyss  |     1 |       ||     1
  Use: Scroll            |     2 |       ||     2
  Eat: Chunk             |     4 |     2 ||     6
Armor: Leather armour    |    18 |       ||    18
       Scale mail        |    14 |    26 ||    40
Dodge: Dodged            |    60 |    42 ||   102
